[Event "Team 45 45 League T96"]
[Site "Internet Chess Club"]
[Date "2023.06.15"]
[Round "6"]
[White "seattleblues"]
[Black "Fulmar"]
[Result "1-0"]
[WhiteElo "1303"]
[BlackElo "1267"]
[Opening "Queen's pawn game"]
[ECO "A46"]
[Time "20:01:00"]
[PlyCount "133"]
[TimeControl "2700+45"]

1. d4 Nf6 2. Nf3 d6 3. c4 c6 4. Nc3 Qc7 5. Bf4 Nbd7 6. e3 e5 7. dxe5 dxe5 8. Bg3
Be7 9. Be2 O-O 10. h3 Rd8 11. Qc2 Ne8 12. O-O g6 13. Rad1 Bf6 14. Ne4 Bg7 15.
Bh4 f6 16. Nh2 Bf8 17. Rd2 Be7 18. Rfd1 Kf7 19. c5 Qa5 20. Nd6+ Bxd6 21. cxd6
Nc5 22. Qc4+ Kg7 23. b4 Be6 24. Qxc5 Qxc5 25. bxc5 Rd7 26. Ng4 h5 27. Nh2 g5 28.
Bxg5 fxg5 29. Bxh5 Nf6 30. Bf3 Kg6 31. Ng4 Bxg4 32. Bxg4 Nxg4 33. hxg4 b6 34.
Rc2 Rc8 35. Kh2 Kf6 36. Kg3 Ke6 37. Kf3 bxc5 38. Rxc5 Rxd6 39. Rxd6+ Kxd6 40.
Rc4 Kd5 41. Ra4 Rf8+ 42. Ke2 Rf7 43. f3 c5 44. e4+ Kd6 45. Ra6+ Ke7 46. Rxa7+
Kf6 47. Rxf7+ Kxf7 48. Kd3 Ke6 49. Kc4 Kd6 50. a4 Kc6 51. a5 Kb7 52. a6+ Kxa6
53. Kxc5 Kb7 54. Kd5 Kc7 55. Kxe5 Kd7 56. Kf5 Ke7 57. Kxg5 Ke6 58. f4 Kf7 59. f5
Ke7 60. e5 Kf7 61. e6+ Ke7 62. Kg6 Kf8 63. f6 Kg8 64. g5 Kf8 65. e7+ Kg8 66. f7+
Kh8 67. e8=Q# {Black checkmated} 1-0

[Event "Team 45 45 League T96"]
[Site "Internet Chess Club"]
[Date "2023.06.18"]
[Round "6"]
[White "Reykjaviking"]
[Black "tasawyer81"]
[Result "1-0"]
[WhiteElo "1337"]
[BlackElo "890"]
[Opening "Queen's pawn, Mason variation, Steinitz counter-gambit"]
[ECO "D00"]
[Time "12:00:19"]
[PlyCount "54"]
[TimeControl "2700+45"]

1. d4 d5 2. Bf4 c5 3. e3 cxd4 4. exd4 Nc6 5. c3 Nf6 6. Nd2 Bf5 7. Ngf3 e6 8. h3
Bd6 9. Bh2 O-O 10. Bb5 Re8 11. Ne5 Rc8 12. Ndf3 a6 13. Ba4 b5 14. Bc2 Nxe5 15.
dxe5 Bxe5 16. Nxe5 b4 17. Ba4 Re7 18. Nc6 Qe8 19. Nxe7+ Qxe7 20. Rc1 Be4 21. O-O
Qb7 22. cxb4 Rxc1 23. Qxc1 d4 24. f3 Bd3 25. Qd2 Bxf1 26. Qxd4 Nd5 27. Kxf1 Qc7
{Black resigns} 1-0

[Event "Team 45 45 League T96"]
[Site "Internet Chess Club"]
[Date "2023.06.19"]
[Round "6"]
[White "clarinetref"]
[Black "Kingofknights"]
[Result "1-0"]
[WhiteElo "1570"]
[BlackElo "1498"]
[Opening "Caro-Kann defense"]
[ECO "B10"]
[Time "20:05:22"]
[PlyCount "41"]
[TimeControl "2700+45"]

1. e4 c6 2. Nf3 d5 3. exd5 cxd5 4. Ne5 Nf6 5. d4 Nbd7 6. f4 Nxe5 7. fxe5 Ne4 8.
Nd2 Nxd2 9. Bxd2 e6 10. Bd3 Bd7 11. O-O Be7 12. Qg4 g6 13. Bh6 Bf8 14. Qf4 f5
15. exf6 Kf7 16. Bg7 Rg8 17. Qh6 e5 18. dxe5 Qb6+ 19. Kh1 Bxg7 20. fxg7+ Ke6 21.
Rf6+ {Black resigns} 1-0

[Event "Team 45 45 League T96"]
[Site "Internet Chess Club"]
[Date "2023.06.20"]
[Round "6"]
[White "SeniorCitizen"]
[Black "kabubi"]
[Result "0-1"]
[WhiteElo "1179"]
[BlackElo "1168"]
[Opening "Danish gambit"]
[ECO "C21"]
[Time "14:00:25"]
[PlyCount "68"]
[TimeControl "2700+45"]

1. e4 e5 2. d4 exd4 3. c3 dxc3 4. Bc4 cxb2 5. Bxb2 Nf6 6. e5 Qe7 7. Nf3 Qb4+ 8.
Bc3 Qe7 9. O-O Ne4 10. Bb2 Nc6 11. Re1 Ng5 12. Nbd2 Nxf3+ 13. Nxf3 Qb4 14. Qc2
Qe7 15. a3 a6 16. Rad1 Nd8 17. Ba2 Ne6 18. Nd4 g6 19. Nxe6 dxe6 20. Qe4 Bg7 21.
Qf3 O-O 22. Qe2 b5 23. Qe4 Ra7 24. Qd3 Bb7 25. Qd7 Qxd7 26. Rxd7 c5 27. Red1 c4
28. Bd4 Raa8 29. Bc5 Rfc8 30. Bd4 Bc6 31. Rd6 Bd5 32. f4 Bf8 33. Rb6 Bxa3 34.
Bc3 Bc5+ {White resigns} 0-1

[Event "Team 45 45 League T96"]
[Site "Internet Chess Club"]
[Date "2023.06.17"]
[Round "6"]
[White "rgadoury"]
[Black "thundercat1"]
[Result "0-1"]
[WhiteElo "1087"]
[BlackElo "1006"]
[Opening "Queen's pawn game"]
[ECO "D00"]
[Time "18:02:38"]
[PlyCount "92"]
[TimeControl "2700+45"]

1. d4 d5 2. g3 e6 3. Bg2 Nc6 4. Nf3 Bb4+ 5. c3 Bd6 6. Nbd2 Nf6 7. O-O Ne4 8. Re1
O-O 9. Nxe4 dxe4 10. Nd2 f5 11. e3 b6 12. f3 Ba6 13. fxe4 fxe4 14. Bxe4 Qe8 15.
Bg2 Rb8 16. e4 Nd8 17. e5 Be7 18. Ne4 Bb7 19. Qg4 h5 20. Qe2 Qg6 21. h4 c5 22.
Bg5 Nc6 23. Bxe7 Nxe7 24. Nd6 Bd5 25. Bxd5 exd5 26. Rf1 Qxg3+ 27. Qg2 Qe3+ 28.
Kh1 Rf4 29. Rxf4 Qxf4 30. Qh3 Ng6 31. Qe6+ Kh7 32. Qf5 Qxh4+ 33. Kg2 Rf8 34. Rh1
Rxf5 35. Nxf5 Qg4+ 36. Ng3 Nf4+ 37. Kf2 Nh3+ 38. Kg2 h4 39. Rxh3 g5 40. dxc5
bxc5 41. a3 d4 42. cxd4 cxd4 43. Kh2 Qf4 44. Kg2 d3 45. e6 d2 46. Ne2 Qe4+
{White resigns} 0-1

[Event "Team 45 45 League T96"]
[Site "Internet Chess Club"]
[Date "2023.06.15"]
[Round "6"]
[White "burlap"]
[Black "mongmong"]
[Result "1/2-1/2"]
[WhiteElo "1289"]
[BlackElo "1409"]
[Opening "Queen's pawn"]
[ECO "A40"]
[Time "20:03:15"]
[PlyCount "139"]
[TimeControl "2700+45"]

1. d4 e6 2. Bf4 Nf6 3. Nd2 d5 4. e3 Bd6 5. Bxd6 cxd6 6. Ngf3 O-O 7. Bd3 Nc6 8.
c3 e5 9. dxe5 dxe5 10. e4 dxe4 11. Nxe4 Nxe4 12. Bxe4 Qe7 13. O-O Bd7 14. Qc2 h6
15. Rfe1 f6 16. Rad1 Rfd8 17. Nh4 Be6 18. Bh7+ Kf7 19. Qg6+ Kf8 20. Qh5 Bf7 21.
Ng6+ Bxg6 22. Qxg6 Rxd1 23. Rxd1 Rd8 24. Rxd8+ Nxd8 25. Qg4 Qe6 26. Qxe6 Nxe6
27. Kf1 Ke7 28. Bf5 Nc5 29. Bc2 Kd6 30. Ke2 b6 31. g3 a5 32. b4 Nb7 33. Be4 Nd8
34. a3 Ne6 35. bxa5 bxa5 36. Bg6 Kc5 37. Kd3 Nc7 38. Kc2 Nb5 39. Kb3 Nd6 40. g4
Nc4 41. Ka4 Kb6 42. h4 Nb2+ 43. Kb3 Nd1 44. f3 Ne3 45. h5 Nd5 46. Kc4 Ne3+ 47.
Kd3 Ng2 48. Kc4 Ne3+ 49. Kd3 Nd5 50. Bf7 Kc5 51. Bxd5 Kxd5 52. a4 Kc5 53. Ke4
Kc4 54. Kf5 Kxc3 55. Kg6 Kb4 56. Kxg7 Kxa4 57. Kxf6 Kb4 58. g5 a4 59. gxh6 a3
60. h7 a2 61. h8=Q a1=Q 62. Qb8+ Kc4 63. Qxe5 Qh1 64. Qf4+ Kd3 65. h6 Qa1+ 66.
Qe5 Qa6+ 67. Qe6 Qa1+ 68. Qe5 Qa6+ 69. Qe6 Qa1+ 70. Qe5 {Game drawn by
repetition} 1/2-1/2

[Event "Team 45 45 League T96"]
[Site "Internet Chess Club"]
[Date "2023.06.14"]
[Round "6"]
[White "tightfist"]
[Black "isolani"]
[Result "0-1"]
[WhiteElo "1367"]
[BlackElo "1505"]
[Opening "King's Indian: Andersson variation"]
[ECO "E92"]
[Time "18:00:27"]
[PlyCount "134"]
[TimeControl "2700+45"]

1. Nf3 Nf6 2. c4 d6 3. d4 g6 4. Nc3 Bg7 5. e4 O-O 6. Be2 e5 7. dxe5 dxe5 8. O-O
Nbd7 9. Bg5 h6 10. Bh4 c6 11. h3 Qc7 12. Rc1 Nc5 13. Qc2 a5 14. Rfd1 Be6 15. Rd2
g5 16. Bg3 Nh5 17. Nxg5 Nxg3 18. Nxe6 Nxe2+ 19. Nxe2 Nxe6 20. Rcd1 Rad8 21. Qc3
Rxd2 22. Rxd2 Rd8 23. b3 Rxd2 24. Qxd2 Qd8 25. Qc2 Nd4 26. Qd3 Nxe2+ 27. Qxe2
Qd4 28. Kh2 Kh7 29. Qf3 Qd7 30. Qc3 Qd4 31. Qf3 Kg8 32. Qf5 Qd8 33. g3 Qf6 34.
Qxf6 Bxf6 35. Kg2 b5 36. cxb5 cxb5 37. Kf3 a4 38. Kg4 axb3 39. axb3 Bg7 40. Kf5
Kf8 41. f4 exf4 42. gxf4 Ke7 43. e5 Kd7 44. Ke4 Kc6 45. f5 Kc5 46. f6 Bf8 47.
Kf5 Kb4 48. e6 fxe6+ 49. Kxe6 Kxb3 50. Kf7 Bc5 51. Kg7 Kc4 52. Kxh6 b4 53. Kg7
b3 54. h4 b2 55. h5 Bd4 56. h6 Bxf6+ 57. Kxf6 b1=Q 58. Kg7 Qg1+ 59. Kh7 Kd5 60.
Kh8 Ke6 61. h7 Qh2 62. Kg7 Qg3+ 63. Kh8 Qh4 64. Kg8 Qg5+ 65. Kf8 Qf6+ 66. Kg8
Qf7+ 67. Kh8 Qf8# {White checkmated} 0-1

[Event "Team 45 45 League T96"]
[Site "Internet Chess Club"]
[Date "2023.06.18"]
[Round "6"]
[White "NATYNL09"]
[Black "oldbookseller"]
[Result "1-0"]
[WhiteElo "1113"]
[BlackElo "848"]
[Opening "Philidor's defense"]
[ECO "C41"]
[Time "14:02:20"]
[PlyCount "47"]
[TimeControl "2700+45"]

1. e4 e5 2. Nf3 d6 3. Bc4 Qe7 4. d3 Nf6 5. Bg5 Nbd7 6. Nc3 b6 7. O-O Bb7 8. Nd5
Qe6 9. Nxc7+ Kd8 10. Nxe6+ Ke8 11. Nc7+ Kd8 12. Nxa8 Bxa8 13. Bxf7 Rg8 14. Bxg8
Kc7 15. Bxf6 Nxf6 16. Bc4 Bc6 17. Ng5 Be7 18. Ne6+ Kd7 19. Nxg7 d5 20. exd5 Bb7
21. Qe2 Bd6 22. Rfe1 e4 23. dxe4 Kc7 24. e5 {Black resigns} 1-0

[Event "Team 45 45 League T96"]
[Site "Internet Chess Club"]
[Date "2023.06.16"]
[Round "6"]
[White "BlueStorm"]
[Black "manfredo"]
[Result "0-1"]
[WhiteElo "1501"]
[BlackElo "1543"]
[Opening "Scotch: Göring gambit"]
[ECO "C44"]
[Time "18:02:50"]
[PlyCount "113"]
[TimeControl "2700+45"]

1. e4 e5 2. Nf3 Nc6 3. d4 exd4 4. c3 d5 5. exd5 Qxd5 6. cxd4 Bg4 7. Be2 Bb4+ 8.
Nc3 Bxf3 9. Bxf3 Qc4 10. Bxc6+ Qxc6 11. Qe2+ Ne7 12. O-O O-O 13. Qb5 Qxb5 14.
Nxb5 c6 15. Nc3 Rad8 16. Be3 Nf5 17. Rad1 Rfe8 18. Rfe1 Rd7 19. a3 Ba5 20. Re2
Red8 21. Red2 Bb6 22. Ne2 Re8 23. Rd3 Rde7 24. Kf1 Nxe3+ 25. fxe3 Rxe3 26. Rxe3
Rxe3 27. d5 cxd5 28. Rxd5 Re7 29. b4 g6 30. Rd3 Re3 31. Rxe3 Bxe3 32. b5 a6 33.
b6 Bxb6 34. Nc3 Ba5 35. Nd5 b5 36. Nb4 Bxb4 37. axb4 Kf8 38. Ke2 Ke7 39. Kd3 f5
40. Ke3 Kd6 41. Kd4 g5 42. h4 h6 43. h5 f4 44. Ke4 Ke6 45. Kf3 Ke5 46. g3 fxg3
47. Kxg3 Ke4 48. Kg4 Ke5 49. Kg3 Kd4 50. Kg4 Kc4 51. Kf5 Kxb4 52. Kg6 g4 53.
Kxh6 g3 54. Kg7 g2 55. h6 g1=Q+ 56. Kh7 Qh1 57. Kg8 {White resigns} 0-1

[Event "Team 45 45 League T96"]
[Site "Internet Chess Club"]
[Date "2023.06.17"]
[Round "6"]
[White "Pawnchain"]
[Black "BrerRabbit"]
[Result "1/2-1/2"]
[WhiteElo "1388"]
[BlackElo "1399"]
[Opening "Queen's pawn: Chigorin variation"]
[ECO "D00"]
[Time "15:02:22"]
[PlyCount "61"]
[TimeControl "2700+45"]

1. d4 d5 2. Nc3 Nf6 3. Bf4 c5 4. Nb5 Qa5+ 5. Nc3 cxd4 6. Qxd4 Nc6 7. Qa4 Qxa4 8.
Nxa4 e5 9. Bd2 Bf5 10. O-O-O Be7 11. e3 O-O 12. b3 Ba3+ 13. Kb1 Rfc8 14. Nb2 Rc7
15. Bd3 Bxd3 16. cxd3 Rac8 17. Ne2 Nb4 18. Bxb4 Bxb4 19. Rc1 b5 20. Rxc7 Rxc7
21. Rc1 Rxc1+ 22. Nxc1 Kf8 23. Nd1 Ke7 24. Kb2 Kd6 25. h3 h5 26. Ne2 g6 27. d4
exd4 28. Nxd4 a6 29. Kc2 Ne4 30. Kd3 Nc5+ 31. Kc2 {Game drawn by mutual
agreement} 1/2-1/2

[Event "Team 45 45 League T96"]
[Site "Internet Chess Club"]
[Date "2023.06.15"]
[Round "6"]
[White "smsxman"]
[Black "PsyMar"]
[Result "1/2-1/2"]
[WhiteElo "1456"]
[BlackElo "1217"]
[Opening "Four knights: Spanish variation"]
[ECO "C48"]
[Time "21:01:06"]
[PlyCount "228"]
[TimeControl "2700+45"]

1. e4 e5 2. Nf3 Nc6 3. Nc3 Nf6 4. Bb5 d6 5. Bxc6+ bxc6 6. O-O Bg4 7. h3 Bh5 8.
Qe2 Be7 9. Qe3 h6 10. d4 exd4 11. Nxd4 Qd7 12. Nce2 c5 13. Nf5 O-O 14. Nf4 Bg6
15. Nxe7+ Qxe7 16. Nxg6 fxg6 17. f3 g5 18. b3 Nh5 19. Qf2 Qe5 20. Rb1 Nf4 21.
Bb2 Qe7 22. Rfe1 Rae8 23. e5 d5 24. Ba3 Qe6 25. Bxc5 Rf7 26. Bxa7 Nxh3+ 27. gxh3
Qxh3 28. Re3 Rf4 29. Qg2 Qf5 30. Rbe1 d4 31. Re4 Rxf3 32. Bxd4 Re6 33. c3 h5 34.
R4e3 g4 35. Rf1 Kh7 36. Rexf3 gxf3 37. Rxf3 Qb1+ 38. Rf1 Qd3 39. Qf3 Qg6+ 40.
Kh1 h4 41. Qf5 Ra6 42. Qxg6+ Rxg6 43. e6 Rxe6 44. a4 g5 45. Rf7+ Kg6 46. Rxc7 g4
47. Rg7+ Kh5 48. Kg2 Re2+ 49. Kf1 Rb2 50. b4 h3 51. Rh7+ Kg5 52. Be5 Kf5 53. Bd6
Rc2 54. Rh5+ Ke4 55. Re5+ Kf3 56. Rf5+ Ke3 57. Bc5+ Ke4 58. Rg5 Kf4 59. Rh5 Rc1+
60. Ke2 Rxc3 61. a5 Rc2+ 62. Kd3 Ra2 63. Be3+ Kf3 64. Rf5+ Kg2 65. Bf4 g3 66.
Rg5 Ra3+ 67. Kc4 h2 68. Bxg3 Rxg3 69. Rh5 Rh3 70. Rg5+ Kf3 71. Rf5+ Ke4 72. Rf1
Rh4 73. Kb5 Kd5 74. Rh1 Kd6 75. a6 Kc7 76. Ka5 Kb8 77. b5 Rh5 78. Kb6 Rh6+ 79.
Ka5 Ka7 80. Ka4 Kb6 81. a7 Kxa7 82. Ka5 Kb7 83. Kb4 Kb6 84. Kc3 Kxb5 85. Kd3 Kc5
86. Ke3 Kd5 87. Kf2 Ke4 88. Kg2 Kf4 89. Rxh2 Rg6+ 90. Kf1 Ra6 91. Rf2+ Ke3 92.
Re2+ Kf3 93. Rf2+ Kg3 94. Rg2+ Kh3 95. Rg8 Rf6+ 96. Ke2 Rf5 97. Ke3 Rf6 98. Ke4
Rf7 99. Ke5 Re7+ 100. Kf6 Re1 101. Kf5 Rf1+ 102. Ke4 Kh4 103. Ke3 Kh5 104. Ke2
Rf7 105. Ke3 Kh6 106. Rg1 Kh5 107. Ke4 Kh4 108. Ke5 Kh3 109. Rg6 Rb7 110. Kf4
Rb4+ 111. Kf3 Rb3+ 112. Kf4 Rb4+ 113. Kf3 Rb3+ 114. Kf4 Rb4+ {Game drawn by
repetition} 1/2-1/2

[Event "Team 45 45 League T96"]
[Site "Internet Chess Club"]
[Date "2023.06.18"]
[Round "6"]
[White "Dwilkes"]
[Black "Ostap-Bender"]
[Result "0-1"]
[WhiteElo "1080"]
[BlackElo "1249"]
[Opening "Sicilian: Taimanov variation"]
[ECO "B49"]
[Time "19:00:43"]
[PlyCount "36"]
[TimeControl "2700+45"]

1. e4 c5 2. Nf3 e6 3. d4 cxd4 4. Nxd4 Nc6 5. Nc3 a6 6. Be2 Qc7 7. Be3 Nf6 8. Qd2
Be7 9. a4 O-O 10. f4 e5 11. Nxc6 bxc6 12. f5 Rb8 13. g4 Bb4 14. g5 Bxc3 15. Qxc3
Nxe4 16. Qd3 d5 17. Bf3 Bxf5 18. Bxe4 Bxe4 {White resigns} 0-1